Map: Ulrena

Players

ftnirp - Winner!

  • Race: Protoss Protoss
  • League: Diamond

Nathanias

  • Race: Terran Terran
  • League: Master

VOD

Have the link to the VOD?

Description

Nathanias Cyclone-expand versus adept-first.

Time

  • Played on: Dec. 18, 2015, 8:59 p.m.
  • Length: 12:04
Show
View Real Time Build Order
Export as new Build Order

ftnirp Protoss - Winner!

Build Orders: 1 Gate Expand 

Get SALT Encoding   

  12  0:01  Probe (Chrono Boost)  
  13  0:12  Probe (Chrono Boost)  
  14  0:20  Pylon  
  14  0:23  Probe (Chrono Boost)  
  15  0:38  Probe (Chrono Boost), Gateway  
  16  0:43  Assimilator  
  16  0:48  Probe (Chrono Boost)  
  17  0:59  Probe (Chrono Boost)  
  18  1:10  Probe (Chrono Boost)  
  19  1:20  Probe (Chrono Boost)  
  20  1:26  Nexus  
  20  1:31  Probe (Chrono Boost)  
  21  1:39  Cybernetics Core  
  21  1:43  Probe (Chrono Boost)  
  22  1:53  Probe (Chrono Boost)  
  23  1:54  Pylon  
  23  2:01  Pylon  
  23  2:12  Probe (Chrono Boost)  
  24  2:16  Warp Gate (Chrono Boost)  
  24  2:17  Adept  
  26  2:23  Robotics Facility  
  26  2:27  Probe  
  27  2:31  Assimilator  
  27  2:38  Probe  
  29  2:48  Mothership Core, Probe  
  31  2:57  Adept  
  33  2:59  Probe  
  34  3:09  Gateway, Probe x2  
  36  3:17  Pylon  
  36  3:19  Observer  
  37  3:20  Probe  
  37  3:21  Probe  
  37  3:26  Gateway  
  39  3:30  Probe  
  39  3:34  Probe  
  41  3:41  Probe  
  43  3:46  Probe  
  45  3:51  Immortal  
  41  4:11  Adept  
  41  4:12  Adept  
  41  4:14  Probe  
  41  4:15  Probe  
  44  4:24  Probe  
  44  4:25  Adept  
  44  4:27  Probe  
  48  4:35  Probe  
  49  4:39  Probe  
  49  4:40  Warp Prism  
  52  4:45  Probe  
  52  4:51  Probe  
  54  4:56  Gateway, Probe  
  54  4:58  Pylon  
  55  5:04  Probe  
  55  5:06  Probe  
  55  5:14  Stalker x3  
  53  5:30  Probe  
  53  5:31  Probe  
  55  5:40  Probe  
  56  5:43  Probe  
  56  5:45  Immortal  
  56  5:48  Twilight Council  
  61  5:51  Probe  
  61  5:53  Pylon  
  61  5:55  Probe  
  61  6:01  Adept  
  61  6:02  Adept  
  61  6:03  Adept  
  67  6:04  Stalker, Probe  
  67  6:10  Pylon  
  67  6:11  Probe  
  71  6:15  Probe  
  72  6:22  Assimilator  
  72  6:23  Probe  
  72  6:25  Probe, Blink (Chrono Boost), Assimilator  
  73  6:29  Warp Prism  
  73  6:32  Adept  
  78  6:49  Nexus  
  78  6:53  Pylon  
  78  6:55  Pylon  
  78  7:03  Pylon, Robotics Bay  
  78  7:12  Probe  
  78  7:14  Probe  
  80  7:22  Stalker x2  
  84  7:24  Adept  
  84  7:27  Probe  
  84  7:28  Probe  
  86  7:38  Adept  
  86  7:40  Probe  
  69  7:52  Adept x3  
  69  7:58  Probe  
  75  7:59  Probe  
  75  8:03  Stalker  
  79  8:10  Gateway, Probe x2  
  79  8:11  Probe  
  79  8:12  Gateway  
  82  8:19  Stalker x3  
  86  8:23  Probe  
  86  8:24  Disruptor  
  89  8:28  Stalker  
  91  8:35  Gateway  
  91  8:36  Pylon  
  91  8:39  Probe  
  91  8:40  Probe  
  92  8:41  Probe  
  92  8:45  Stalker x2  
  92  8:46  Stalker  
  100  8:50  Probe  
  100  8:52  Stalker  
  103  8:58  Pylon  
  103  9:00  Pylon  
  103  9:01  Pylon, Assimilator  
  103  9:04  Assimilator  
  103  9:08  Disruptor  
  106  9:11  Adept x3  
  106  9:17  Resonating Glaives (Chrono Boost), Adept, Nexus  
  114  9:28  Forge  
  114  9:30  Forge  
  114  9:35  Dark Shrine  
  114  9:38  Stalker x2  
  114  9:44  Disruptor  
  117  10:02  Probe  
  117  10:03  Probe  
  117  10:06  Nexus  
  115  10:11  Stalker x4  
  115  10:12  Stalker  
  125  10:28  Stalker  
  125  10:31  Stalker, Probe  
  128  10:38  Probe x2  
  128  10:40  Disruptor  
  133  10:43  Probe  
  133  10:48  Probe  
  125  11:08  Stalker x7  
  125  11:09  Probe  
  125  11:10  Probe  
  135  11:16  Disruptor  
  133  11:20  Probe x2  
  133  11:22  Probe  
  132  11:33  Probe x2  
  132  11:35  Probe  
  120  11:48  Stalker x5  
Show
View Real Time Build Order
Export as new Build Order

Nathanias Terran 

Build Orders: 1/1/1, Cyclone Opening, MMM Bio 

Get SALT Encoding   

  12  0:01  SCV  
  13  0:13  SCV  
  14  0:18  Supply Depot  
  14  0:25  SCV  
  15  0:37  Refinery  
  15  0:40  SCV  
  16  0:45  Barracks  
  16  0:52  SCV  
  17  1:04  SCV, Refinery  
  18  1:16  SCV  
  19  1:28  SCV  
  20  1:35  Marine  
  20  1:37  Factory  
  21  1:40  Orbital Command  
  21  1:49  Supply Depot  
  21  2:03  Marine  
  21  2:07  SCV  
  23  2:20  Supply Depot  
  23  2:21  Starport  
  23  2:23  Factory Tech Lab  
  23  2:24  SCV  
  24  2:36  SCV  
  25  2:38  Marine  
  25  2:43  Cyclone  
  29  2:48  SCV  
  30  2:58  Engineering Bay, Medivac  
  32  3:01  Mag-Field Accelerator  
  32  3:02  SCV  
  33  3:06  Marine  
  34  3:15  SCV  
  34  3:16  Supply Depot  
  35  3:26  Missile Turret  
  35  3:28  SCV  
  36  3:35  Cyclone  
  36  3:40  SCV  
  40  3:52  SCV  
  41  4:04  SCV  
  39  4:16  SCV, Cyclone, Medivac  
  44  4:28  SCV  
  45  4:32  Barracks x2  
  45  4:33  Command Center  
  45  4:41  SCV  
  46  4:51  Supply Depot  
  46  4:55  SCV  
  46  4:57  Stimpack  
  46  4:59  Factory Reactor  
  47  5:00  Starport Reactor  
  47  5:05  Supply Depot  
  47  5:12  Marine  
  47  5:13  SCV  
  49  5:25  SCV  
  49  5:28  Barracks Reactor, Barracks Tech Lab  
  49  5:31  Supply Depot  
  49  5:35  Command Center, Supply Depot  
  49  5:37  SCV  
  50  5:48  Marauder x2  
  50  5:49  SCV  
  55  5:56  Widow Mine x2  
  55  5:57  Medivac  
  55  6:02  Medivac  
  63  6:20  Orbital Command  
  63  6:21  SCV  
  63  6:22  Missile Turret  
  64  6:27  Missile Turret  
  64  6:30  Missile Turret  
  64  6:32  Missile Turret  
  64  6:33  SCV  
  65  6:44  Marauder x2  
  69  6:47  Marine x2  
  69  6:53  Terran Infantry Weapons Level 1  
  71  6:55  Orbital Command  
  71  6:58  SCV  
  71  6:59  SCV  
  73  7:01  Combat Shields  
  73  7:10  SCV, Marauder x2  
  73  7:11  SCV  
  73  7:12  Marine  
  73  7:13  Marine  
  81  7:18  Refinery  
  81  7:20  Refinery  
  81  7:22  SCV  
  83  7:24  SCV  
  83  7:29  Medivac  
  85  7:36  SCV  
  86  7:39  SCV  
  85  7:49  SCV  
  79  7:53  Marauder x2, Marine x2  
  80  8:10  Barracks, Marine  
  80  8:11  Marine  
  80  8:12  Barracks, Liberator  
  81  8:13  Liberator  
  81  8:14  Marauder  
  81  8:19  Ghost Academy  
  83  8:26  Marauder  
  85  8:28  Orbital Command  
  91  8:34  Supply Depot, Widow Mine x2  
  91  8:36  Supply Depot  
  91  8:37  Refinery  
  91  8:38  Refinery  
  91  8:49  Marine  
  91  8:50  Marauder x2, Marine  
  91  8:51  Terran Infantry Armor Level 1  
  91  8:54  SCV x2  
  99  8:55  SCV  
  99  9:00  Barracks Reactor, Barracks Tech Lab  
  100  9:06  SCV x2  
  100  9:08  SCV  
  100  9:09  Marine x2  
  105  9:11  Ghost  
  105  9:16  Ghost  
  109  9:18  SCV  
  109  9:21  Missile Turret  
  110  9:24  Ghost  
  112  9:40  Marine  
  112  9:41  Marauder  
  116  9:45  Marauder  
  116  9:49  Marine x2  
  118  9:54  Marauder  
  118  9:55  Liberator x2  
  118  9:57  Marine  
  105  10:02  Marauder  
  94  10:07  Marauder  
  94  10:11  Marine x3  
  97  10:18  Starport  
  97  10:19  Starport, Fusion Core  
  97  10:26  Marauder x2, Marine  
  96  10:31  Command Center, Marauder, Marine x2  
  96  10:32  Marine  
  101  10:42  Widow Mine x2  
  103  10:47  Marauder x2  
  96  11:07  Marauder  
  76  11:21  Ghost x2, Marine x3  
  76  11:22  Marine  
  87  11:29  Barracks x2  
  87  11:30  Barracks  
  82  11:39  Marauder, Marine  
  83  11:45  Marine  
Tags
 
Add a new tag
Caveats
  • Supply blocks, unpowered buildings, or Contaminate may cause inaccurate times.
  • Supply counts are checked every 10 seconds.